AoeStats
← Kargardor

Arabia

510749334Analyzed
1v1 RM · 13h ago on Oct 2, 2026· 14m 10s· 2 players
Game mode
Random Map
Map size
Tiny (2 player)
Population
200
Speed
Normal
Resources
Standard
Victory
Conquest
Starting age
Dark Age
Ending age
Imperial Age
RankedLock teamsTeams togetherTeam positionsShared explorationLock speedFull tech treeHidden civsTurbo modeCheats
Victory
Defeat
🇺🇸 Bulgarians · United States
1127
+16
🇯🇵 Vikings · Japan
1129
-16
Kargardor
10:09 Feudal Age
8:50 Loom
13:12 Forging
13:29 Arson
14:19 Scale Mail Armor
game_is_life
5:53 Loom
5:57 Loom
8:54 Feudal Age
Connection lost

Rejoining the realm…

Still unreachable

The connection could not be restored.

Session expired

The server has moved on; the page needs a fresh start.